 Dungeon Sprint DCSS version 0.28.0-53-g5a82cb258f (webtiles) character file.

Game seed: 7617776559902093163

35 Zeld the Skirmisher (level 3, -1/37 HPs)
             Began as a Minotaur Berserker on May 29, 2022.
             Was a Believer of Trog.
             Succumbed to a scorpion's poison
             ... in the Dungeon (Sprint IV: "Fedhas' Mad Dash").
             The game lasted 00:00:16 (438 turns).

Zeld the Skirmisher (Minotaur Berserker)             Turns: 438, Time: 00:00:16

Health: -1/37      AC:  2    Str: 23    XL:     3   Next: 16%
Magic:  2/2        EV: 12    Int:  4    God:    Trog [**....]
Gold:   0          SH:  0    Dex:  9    Spells: 2/2 levels left

rFire   . . .      SeeInvis .   a - +0 hand axe
rCold   . . .      Faith    .   (no shield)
rNeg    . . .      Spirit   .   b - +0 animal skin
rPois   .          Reflect  .   (helmet restricted)
rElec   .          Harm     .   (no cloak)
rCorr   .          Rampage  .   (no gloves)
Will    .....      NoTele   +   (no boots)
Stlth   +.........              (no amulet)
HPRegen 0.12/turn               (no ring)
MPRegen 0.08/turn               (no ring)

@: lethally poisoned (-1 -> -23)
A: horns 2, retaliatory headbutt
a: Renounce Religion, Berserk, Trog's Hand


You were in the Dungeon.
You worshipped Trog.
Trog was pleased with you.
You visited 1 branch

Inventory:

Hand Weapons
 a - a +0 hand axe (weapon)
Armour
 b - a +0 animal skin (worn)
Scrolls
 h - a scroll of blinking
Potions
 c - a potion of curing
 d - a potion of heal wounds
 e - a potion of haste
 f - 2 potions of magic
 g - a potion of berserk rage


   Skills:
 * Level 5.7 Fighting
 * Level 5.6 Axes
 + Level 3.8 Armour
 + Level 3.5 Dodging


You had 2 spell levels left.
You didn't know any spells.
Your spell library was empty.

Dungeon Overview and Level Annotations

Branches:
Dungeon (1/1)

Altars:


Innate Abilities, Weirdness & Mutations

You have a pair of horns on your head.
You reflexively headbutt those who attack you in melee.


Message History

Done waiting.
Found a runed dagger and a purple potion.
A scorpion comes into view.
Found the amulet of invisibility {+Inv}.
You see here 8 gold pieces.
You hit the scorpion but do no damage.
The scorpion stings you but does no damage.
You hit the scorpion.
The scorpion is lightly wounded.
The scorpion stings you but does no damage.
You hit the scorpion.
You headbutt the scorpion, but do no damage.
The scorpion is moderately wounded.
The scorpion stings you!
You are poisoned.
The scorpion poisons you! The scorpion stings you.
You are more poisoned.
The scorpion poisons you!
You barely miss the scorpion.
The scorpion is moderately wounded.
You feel very sick. The scorpion misses you.
Unknown command.
You slash the scorpion!
The scorpion is severely wounded.
You feel very sick. The scorpion stings you.
* * * LOW HITPOINT WARNING * * *
You are more poisoned.
The scorpion poisons you!
You completely miss the scorpion.
The scorpion is severely wounded.
* * * LOW HITPOINT WARNING * * *
You feel very sick. The scorpion barely misses you.
Unknown command.
You hit the scorpion but do no damage.
You headbutt the scorpion, but do no damage.
The scorpion is severely wounded.
You die...

##################
#<...#.....#.@$$$#
#PP..'.(...'.#s!.+
#PPP.#.....#.#"..#
###############+##


You could see a scorpion.

Vanquished Creatures
  An oklob sapling (D)
  A river rat (D)
  A rat (D)
3 creatures vanquished.

Vanquished Creatures (others)
  2 fungi (D)
2 creatures vanquished.

Grand Total: 5 creatures vanquished

Notes
Turn   | Place    | Note
-------+----------+-------------------------------------------
     0 | D        | Zeld the Minotaur Berserker began the quest for the Orb.
     0 | D        | Reached XP level 1. HP: 19/19 MP: 0/0
    14 | D        | Reached XP level 2. HP: 14/28 MP: 1/1
   164 | D        | Noticed an oklob sapling
   168 | D        | Killed an oklob sapling
   168 | D        | Reached ** piety under Trog
   169 | D        | Reached skill level 5 in Fighting
   169 | D        | Reached skill level 5 in Axes
   169 | D        | Reached XP level 3. HP: 17/37 MP: 2/2
   431 | D        | Noticed a scorpion
   431 | D        | Found the amulet of invisibility {+Inv}
   438 | D        | Succumbed to a scorpion's poison

Illustrated notes

Levels and vault maps discovered:
D:        dungeon_sprint_fedhas [sprint_temple]

Skill      XL: |  1  2 |
---------------+-------+-----
Fighting       | 4 5 |  5.7
Axes           | 4 5 |  5.6
Armour         | 3 |  3.8
Dodging        | 3 |  3.5

Action                   || total
-------------------------++-------
Melee: Hand axe          ||    19
       Headbutt          ||     5
Armor: Animal skin       ||     3
Dodge: Dodged            ||     9
